 Dungeon Crawl Stone Soup version 0.25-b1-46-gb8a1ec05df (webtiles) character file.

Game seed: 11340465437136397601

532 grindst0ne the Skirmisher (level 7, 0/56 HPs)
             Began as a Formicid Abyssal Knight on June 9, 2020.
             Was a Priest of Lugonu.
             Succumbed to an orc's poison
             ... on level 4 of the Dungeon.
             The game lasted 00:09:56 (4444 turns).

grindst0ne the Skirmisher (Formicid Abyssal Knight) Turns: 4444, Time: 00:09:56

Health: 0/56       AC:  8    Str: 17 (18) XL:     7   Next: 49%
Magic:  10/10      EV:  5    Int: 11 (12) God:    Lugonu [***...]
Gold:   231        SH:  9    Dex:  9 (10) Spells: 6/6 levels left

rFire    . . .     SeeInvis +   a - +1 hand axe
rCold    . . .     Gourm    .   l - +0 kite shield
rNeg     . . .     Faith    .   h - +0 chain mail
rPois    .         Spirit   .   (helmet unavailable)
rElec    .         Reflect  .   (no cloak)
rCorr    .         Harm     .   (no gloves)
MR       .....                  (no boots)
Stlth    ..........             (no amulet)
HPRegen  0.18/turn              (no ring)
MPRegen  0.12/turn              (no ring)

@: lethally poisoned (0 -> -1)
A: permanent stasis, dig shafts and tunnels, four strong arms, antennae 3
a: Dig, Shaft Self, Depart the Abyss, Bend Space, Banish, Renounce Religion


You were on level 4 of the Dungeon.
You worshipped Lugonu.
Lugonu was most pleased with you.
You were hungry.

You visited 1 branch of the dungeon, and saw 5 of its levels.
You visited the Abyss 1 time.

You collected 231 gold pieces.

Inventory:

Hand Weapons
 a - a +1 hand axe (weapon)
Armour
 h - a +0 chain mail (worn)
 l - a +0 kite shield (worn)
 r - a +0 plate armour
Jewellery
 s - an uncursed ring of protection from fire
Wands
 e - a wand of polymorph (10)
Scrolls
 d - 2 scrolls of enchant armour
 f - 3 scrolls of remove curse
 i - 2 scrolls of teleportation {unknown}
 k - a scroll of immolation {unknown}
 m - a scroll of random uselessness {unknown}
Potions
 b - a potion of brilliance
 n - 2 potions of stabbing
Comestibles
 c - 7 rations
 g - 2 chunks of flesh


   Skills:
 + Level 5.1 Fighting
 * Level 4.6 Axes
 - Level 2.1 Armour
 - Level 0.8 Dodging
 * Level 4.5 Shields
 + Level 4.0 Invocations


You had 6 spell levels left.
You didn't know any spells.
Your spell library was empty.

Dungeon Overview and Level Annotations

Branches:
Dungeon (5/15)
 Temple: D:4-7

Altars:
Makhleb
Vehumet
The Shining One

Annotations:
D:3 Sigmund


Innate Abilities, Weirdness & Mutations

You cannot be hasted, slowed, berserked, paralysed or teleported.
You can dig through walls and to a lower floor.
Your four strong arms can wield two-handed weapons with a shield.
You have a pair of large antennae on your head. (SInv)


Message History

You retract your mandibles.
Are you sure you want to shaft yourself?
You are feeling hungry.
You begin to dig a shaft.
You continue digging a shaft.
You feel sick.
The gnoll hits you from afar with a +0 halberd.
* * * LOW HITPOINT WARNING * * *
A shaft appears beneath you!
You fall into a shaft and drop 1 floor!
The shaft crumbles and collapses.
Okay, then.
* * * LOW HITPOINT WARNING * * *
You feel sick.
* * * LOW HITPOINT WARNING * * *
You feel sick.
Okay, then.
Okay, then.
* * * LOW HITPOINT WARNING * * *
You feel sick.
You die...

.......##.### .......####
..........####
..........##.####
..............#.#########
............#..[.##.##..#
..........###...........#
<..........#............####
.........###....@..........##
............[###............#
.............##.>.....#.....#
....##.......#.......##.....#
...##........#.......#...####
............................#
....##.####.....####........#
..#..#.##....#..###.........#
..##.#.......##..##.........#


There were no monsters in sight!

Vanquished Creatures
  A sky beast (D:5)
  A crimson imp (D:4)
  2 hounds
  An orc priest (D:3)
  A bullfrog skeleton (D:4)
  3 orc wizards
  2 worker ants (D:4)
  2 adders
  2 oozes (D:1)
  2 worms (D:2)
  2 dart slugs (D:4)
  6 leopard geckos
  11 orcs
  5 giant cockroaches
  4 goblins
  8 hobgoblins
  6 jackals
  6 kobolds
  4 quokkas
  6 bats
  5 frilled lizards
  A leopard gecko skeleton (D:5)
  6 rats
87 creatures vanquished.

Vanquished Creatures (others)
  An orc wizard (D:4)
  5 toadstools (D:1)
6 creatures vanquished.

Grand Total: 93 creatures vanquished

Notes
Turn   | Place    | Note
-------+----------+-------------------------------------------
     0 | Abyss:1  | grindst0ne the Formicid Abyssal Knight began the quest for
                  | the Orb.
     0 | Abyss:1  | Reached XP level 1. HP: 18/18 MP: 2/2
   114 | Abyss:1  | Noticed a thrashing horror
   133 | Abyss:1  | Noticed a chaos spawn
   134 | D:1      | Escaped the Abyss
   213 | D:1      | Reached XP level 2. HP: 24/25 MP: 3/3
   287 | D:1      | Reached skill level 4 in Fighting
   291 | D:1      | Reached * piety under Lugonu
   515 | D:1      | Reached XP level 3. HP: 26/30 MP: 4/4
  1124 | D:2      | Reached skill level 1 in Shields
  1413 | D:2      | Found a burning altar of Makhleb.
  1413 | D:2      | Found a radiant altar of Vehumet.
  1468 | D:2      | Reached XP level 4. HP: 33/37 MP: 5/5
  1632 | D:2      | Reached ** piety under Lugonu
  2189 | D:3      | Reached XP level 5. HP: 27/43 MP: 7/7
  2343 | D:3      | You fall into a shaft and drop 2 floors!
  2343 | D:5      | Entered Level 5 of the Dungeon
  2344 | D:5      | Noticed a sky beast
  2894 | D:3      | Reached XP level 6. HP: 49/49 MP: 8/8
  2911 | D:3      | Found a glowing golden altar of the Shining One.
  3070 | D:3      | Noticed Sigmund
  3090 | D:3      | You fall into a shaft and drop 2 floors!
  3718 | D:4      | Reached XP level 7. HP: 30/55 MP: 9/9
  3737 | D:4      | Reached skill level 5 in Fighting
  4260 | D:5      | Reached *** piety under Lugonu
  4431 | D:3      | HP: 2/56 [gnoll/+0 halberd (4)]
  4432 | D:3      | You fall into a shaft and drop 1 floor!
  4437 | D:4      | HP: 1/56 [poisoned by an orc]
  4444 | D:4      | Succumbed to an orc's poison

Illustrated notes

Levels and vault maps discovered:
D:1:      scummos_arrival_simple_fountains, layout_basic,
          minmay_gold_behind_fungi
D:2:      layout_rooms, gammafunk_temple_overflow_wave
D:3:      layout_basic, lemuel_round_altar, first_ration, uniq_sigmund
D:4:      layout_cave_pools
D:5:      layout_rooms, roderic_serpentine_path

Skill      XL: |  1  2  3  4  5  6  7 |
---------------+----------------------+-----
Fighting       | 4 5 |  5.1
Shields        | 1 2 3 4 |  4.5
Axes           | 3 4 |  4.6
Invocations    | 3 4 |  4.0
Armour         | |  2.1
Dodging        | |  0.8

Action                   |  1- 3 |  4- 6 |  7- 9 || total
-------------------------+-------+-------+-------++-------
Melee: Hand axe          |   101 |   242 |    60 ||   403
Throw: Throwing net      |       |       |     1 ||     1
Invok: Depart the Abyss  |     1 |       |       ||     1
 Abil: Dig               |       |     3 |     3 ||     6
       Shaft Self        |       |     1 |     1 ||     2
  Use: Potion            |     1 |    10 |     1 ||    12
       Scroll            |     1 |     3 |       ||     4
 Stab: Held in net/web   |       |       |     1 ||     1
  Eat: Chunk             |     1 |     9 |     3 ||    13
Armor: Leather armour    |    29 |    27 |       ||    56
       Plate armour      |       |   101 |     7 ||   108
       Chain mail        |       |       |    20 ||    20
Dodge: Dodged            |    57 |   108 |    10 ||   175
Block: Kite shield       |       |    97 |    22 ||   119
